 Dungeon Crawl Stone Soup version 0.29.1-12-g30fa7ad0bf (webtiles) character file.

Game seed: 16233324192739033134

67 Sanktem7 the Trooper (level 3, -1/34 HPs)
             Began as a Minotaur Fighter on Dec 16, 2022.
             Slain by a gnoll bouda
             ... wielding a +0 whip
              (4 damage)
             ... on level 3 of the Dungeon.
             The game lasted 00:02:50 (2163 turns).

Sanktem7 the Trooper (Minotaur Fighter)             Turns: 2163, Time: 00:02:50

Health: -1/34      AC: 10    Str: 22    XL:     3   Next: 98%
Magic:  2/2        EV:  7    Int:  5    God:
Gold:   106        SH:  4    Dex:  9    Spells: 2/2 levels left

rFire   . . .      SeeInvis +   a - +0 war axe {axe}
rCold   . . .      Faith    .   c - +0 buckler
rNeg    . . .      Spirit   .   t - +0 chain mail
rPois   .          Reflect  .   (helmet restricted)
rElec   .          Harm     .   (no cloak)
rCorr   +          Rampage  .   i - +0 pair of gloves
Will    .....                   (no boots)
Stlth   ..........              (no amulet)
HPRegen 0.11/turn               h - ring of resist corrosion
MPRegen 0.08/turn               p - ring of see invisible

@: weakened
A: horns 2, retaliatory headbutt
a: no special abilities


You were on level 3 of the Dungeon.
You visited 1 branch of the dungeon, and saw 3 of its levels.

You collected 106 gold pieces.


Innate Abilities, Weirdness & Mutations

You have a pair of horns on your head.
You reflexively headbutt those who attack you in melee.


   Skills:
 * Level 4.7 Fighting
 * Level 3.7 Axes
 + Level 4.1 Armour
 - Level 3.6 Shields


You had 2 spell levels left.
You didn't know any spells.
Your spell library contained the following spells:

 Spells                   Type           Power      Damage    Failure   Level
 Beastly Appendage        Tmut           0%         N/A       99%         1
 Sublimation of Blood     Necr           0%         N/A       100%        2
 Wereblood                Tmut           0%         N/A       100%        2
 Spider Form              Tmut/Pois      0%         N/A       100%        3
 Airstrike                Air            0%         2d(0-16)  100%        4
 Summon Lightning Spire   Summ/Air       0%         N/A       100%        4
 Lightning Bolt           Conj/Air       0%         1d11      100%        5
 Summon Hydra             Summ           0%         N/A       100%        7

Inventory:

Hand Weapons
 a - a +0 war axe (weapon) {axe}
 u - a +2 short sword of draining {short}
   (You took it off a kobold on level 2 of the Dungeon)
Missiles
 e - 47 stones (quivered) {throwing}
 n - 11 poisoned darts {throwing}
Armour
 c - a +0 buckler (worn)
 i - a +0 pair of gloves (worn)
   (You found it on level 1 of the Dungeon)
 t - a +0 chain mail (worn)
   (You found it on level 2 of the Dungeon)
Jewellery
 h - a ring of resist corrosion (left hand)
   (You found it on level 1 of the Dungeon)
 p - a ring of see invisible (right hand)
   (You found it on level 1 of the Dungeon)
Scrolls
 f - a scroll of acquirement {unknown}
 j - 2 scrolls of identify {unknown}
 m - 3 scrolls of enchant weapon {unknown}
 o - 2 scrolls of silence {unknown}
 q - 2 scrolls of fear {unknown}
 s - a scroll of teleportation {unknown}
 v - a scroll of enchant armour {unknown}
 w - a scroll of immolation {unknown}
 x - 2 scrolls of vulnerability {unknown}
Potions
 b - a potion of lignification {unknown}
 d - a potion of might
 g - a potion of curing {unknown}
 k - a potion of degeneration {unknown}
 l - a potion of mutation {unknown}
 r - 2 potions of flight {unknown}
 z - a potion of ambrosia {unknown}

Dungeon Overview and Level Annotations

Branches:
Dungeon (3/15) Zot: 15811

Altars:
Kikubaaqudgha
Sif Muna

####.###.# ####.....#
...+.._..+ ...#.....#
####.###.###############
..##.....#....##.......#
...#'###'#).............
..#...##.......gg......#
#####.####......@g.....#
......# #.....g.......#
.#########........######
.........#.....?..#
.#.#####.########.# ...# #.#
.# .### #.# .######## )#
#####.#####+#####.....########
.#
#...............#.....#......#


You could see a gnoll bouda and 3 gnolls.


Message History

You kill the jackal!
No target in view!
No target in view!
No target in view!
No target in view!
No target in view!
No target in view!
No target in view!
No target in view!
No target in view!
No target in view!
No target in view!
No target in view!
No target in view!
No target in view!
No target in view!
No target in view!
No target in view!
x - a scroll labelled QIOSITHR HIZOWE
z - a fizzy green potion
Found a stone staircase leading down.
You open the door.
Found a shimmering blue altar of Sif Muna.
Found an ancient bone altar of Kikubaaqudgha.
There is an open door here.
There is a shimmering blue altar of Sif Muna here.
x - 2 scrolls labelled QIOSITHR HIZOWE (gained 1)
You open the door.
There is an open door here.
You open the door.
There is an open door here.
A kobold comes into view. It is wielding a +0 short sword.
The kobold shouts!
You barely miss the kobold. You block the kobold's attack.
You completely miss the kobold. The kobold hits you but does no damage.
You slash the kobold!
You kill the kobold!
No target in view!
No target in view!
No target in view!
No target in view!
No target in view!
No target in view!
No target in view!
No target in view!
No target in view!
A gnoll comes into view. It is wielding a +0 whip.
The gnoll shouts!
You hear a shout!
A gnoll comes into view. It is wielding a +0 flail.
There are monsters nearby!
The gnoll shouts!
A gnoll comes into view. It is wielding a +0 spear.
A gnoll bouda comes into view. It is wielding a +0 whip.
The gnoll bouda shouts!
You hit the gnoll but do no damage. You slash the gnoll!
The gnoll closely misses you. You furiously retaliate!
You headbutt the gnoll, but do no damage.
The gnoll hits you with a +0 whip. 😕 HP[-4]
You take 4 damage, and now have 30/34 hp.
You hit the gnoll. x2; The gnoll barely misses you.
The gnoll hits you with a +0 flail!
The gnoll bouda barks out a call to the hunt!
The gnolls pick up the pace!
The gnoll hits you but does no damage. x2; The gnoll hits you with a +0 flail.
The gnoll barely misses you. 😮 HP[-10]
You take 10 damage, and now have 20/34 hp.
MASSIVE DAMAGE!! (PAUSE)
You hit the gnoll bouda. You barely miss the gnoll. x2
The gnoll hits you from afar with a +0 spear.
The gnoll closely misses you. The gnoll hits you with a +0 whip.
* * * LOW HITPOINT WARNING * * *
😨 HP[-8]
You take 8 damage, and now have 12/34 hp.
MASSIVE DAMAGE!! (PAUSE)
The gnoll hits you but does no damage. The gnoll hits you with a +0 flail.
* * * LOW HITPOINT WARNING * * *
The gnoll closely misses you.
You block the gnoll bouda's attack. 😨 HP[-3]
You take 3 damage, and now have 9/34 hp.
You barely miss the gnoll.
You hit the gnoll bouda but do no damage.
You barely miss the gnoll. x2; The gnoll hits you but does no damage. x2
The gnoll bouda barely misses you. You furiously retaliate!
You headbutt the gnoll bouda, but do no damage.
The gnoll hits you but does no damage.
You hit the gnoll but do no damage. You barely miss the gnoll.
You hit the gnoll. You hit the gnoll bouda.
The gnoll hits you but does no damage. You block the gnoll's attack.
The gnoll bouda hits you with a +0 whip.
* * * LOW HITPOINT WARNING * * *
The gnoll barely misses you. You furiously retaliate!
You headbutt the gnoll. You block the gnoll's attack.
The gnoll hits you with a +0 whip.
* * * LOW HITPOINT WARNING * * *
The gnoll hits you but does no damage.
The gnoll bouda gazes fiercely through you!
You feel your attacks grow feeble.
The gnoll bouda hits you with a +0 whip.
You die...

Skill      XL: |  1  2  3 |
---------------+----------+-----
Fighting       | 4 |  4.7
Axes           | 3 |  3.7
Armour         | 4 |  4.1
Shields        | |  3.6

Action                   || total
-------------------------++-------
Melee: War axe           ||    65
       Headbutt          ||     7
Armor: Scale mail        ||    18
       Chain mail        ||    25
Dodge: Dodged            ||    21
Block: Buckler           ||    21

Levels and vault maps discovered:
D:1:      ncdulo_halloftheorcs, layout_basic, minmay_hedge_maze
D:2:      layout_loops_ring, hellmonk_ecumenical_altar_pennies_from_heaven
D:3:      layout_basic, nicolae_qazlal_scattered_showers,
          mainiacjoe_overflow_six_doors_small, kiku_gazebo_garden_becter,
          nrook_uturn, uniq_crazy_yiuf_cottage, uniq_natasha, uniq_grinder

Notes
Turn   | Place    | Note
-------+----------+-------------------------------------------
     0 | D:1      | Sanktem7 the Minotaur Fighter began the quest for the Orb.
     0 | D:1      | Reached XP level 1. HP: 19/19 MP: 0/0
     0 | D:1      | magus.rc [v1.9.6]
   296 | D:1      | You pick up a book of Changes and begin reading...
   296 | D:1      | You add the spells Beastly Appendage, Wereblood and Spider
                  | Form to your library.
   580 | D:1      | Reached XP level 2. HP: 24/27 MP: 1/1
   581 | D:1      | Reached skill level 4 in Fighting
  1072 | D:2      | Reached skill level 3 in Axes
  1271 | D:2      | Reached XP level 3. HP: 33/33 MP: 2/2
  1274 | D:2      | Reached skill level 4 in Armour
  1337 | D:2      | You pick up a book of Storms and begin reading...
  1337 | D:2      | You add the spells Airstrike, Summon Lightning Spire and
                  | Lightning Bolt to your library.
  1381 | D:2      | Found a faded altar of an unknown god.
  2034 | D:3      | You pick up a book of Blood and begin reading...
  2034 | D:3      | You add the spells Sublimation of Blood and Summon Hydra to
                  | your library.
  2127 | D:3      | Found a shimmering blue altar of Sif Muna.
  2128 | D:3      | Found an ancient bone altar of Kikubaaqudgha.
  2163 | D:3      | HP: 8/34 [gnoll bouda/+0 whip (1)]
  2163 | D:3      | HP: 3/34 [gnoll/+0 whip[a gnoll bouda] (5)]
  2163 | D:3      | Slain by a gnoll bouda

Vanquished Creatures
  3 adders
  A worm (D:2)
  2 ball pythons
  A bat (D:2)
  2 endoplasms (D:2)
  5 goblins
  2 hobgoblins
  4 jackals (D:3)
  6 kobolds
  A quokka (D:1)
  4 frilled lizards
  5 rats
36 creatures vanquished.

Table legend:
 A = Non-vault XP
 B = Vault XP
 C = Vault XP percentage of total XP
 D = Non-vault monster count
 E = Vault monster count
 F = Vault count percentage of total count
                 A         B        C        D         E       F
            +---------+---------+-------+---------+---------+-------
      Total |      96 |       0 |   0.0 |      36 |       0 |   0.0
            +---------+---------+-------+---------+---------+-------
        D:1 |      16 |       0 |   0.0 |       9 |       0 |   0.0
        D:2 |      51 |       0 |   0.0 |      16 |       0 |   0.0
        D:3 |      29 |       0 |   0.0 |      11 |       0 |   0.0
            +---------+---------+-------+---------+---------+-------

Illustrated notes

Table legend:
 A = Kills in this place as a percentage of kills in entire the game.
 B = Kills by you in this place as a percentage of kills by you in the entire game.
 C = Kills by friends in this place as a percentage of kills by friends in the entire game.
 D = Other kills in this place as a percentage of other kills in the entire game.
 E = Experience gained in this place as a percentage of experience gained in the entire game.
 F = Experience gained in this place divided by the number of levels of this place that you have seen.
                   A       B       C       D       E      F
               +-------+-------+-------+-------+-------+----------------------
         Total | 100.0 | 100.0 |   N/A |   N/A | 100.0 |  32.0
       Dungeon | 100.0 | 100.0 |   N/A |   N/A | 100.0 |  32.0
               +-------+-------+-------+-------+-------+----------------------

Table legend: (Time is in decaauts)
 A = Elapsed time spent in this place.
 B = Non-inter-level travel time spent in this place.
 C = Inter-level travel time spent in this place.
 D = Time resting spent in this place.
 E = Time spent auto-exploring this place.
 F = Levels seen in this place.
 G = Mean time per level.
                   A        B        C        D        E       F      G
               +--------+--------+--------+--------+--------+-----+--------+
         Total |   2187 |   2090 |     97 |      0 |   1861 |   3 |  729.0 |
       Dungeon |   2187 |   2090 |     97 |      0 |   1861 |   3 |  729.0 |
               +--------+--------+--------+--------+--------+-----+--------+

Top non-repeatable levels by time:
     D:1: 1026 daAuts
     D:2: 811 daAuts
     D:3: 349 daAuts
